 Dungeon Sprint DCSS version 0.18-a0-1800-gdc7a371 (webtiles) character file.

2584 Moloch the Severer (level 9, -4/51 HPs)
             Began as a Gargoyle Berserker on Apr 24, 2016.
             Was a High Priest of Trog.
             Shot with a bolt by an orc knight (11 damage)
             ... in the Dungeon (Sprint III: "The Ten Rune Challenge").
             The game lasted 00:02:46 (1046 turns).

Moloch the Severer (Gargoyle Berserker)             Turns: 1046, Time: 00:02:47

Health: -4/51      AC: 16    Str: 24    XL:     9   Next: 58%
Magic:  9/9        EV:  7    Int:  8    God:    Trog [*****.]
Gold:   36         SH:  0    Dex:  9    Spells: 0 memorised, 8 levels left

rFire  . . .     SeeInvis .     s - +0 war axe
rCold  . . .     Gourm    .     u - +0 plate armour
rNeg   + . .     Faith    .     (no shield)
rPois  ∞         Spirit   .     (no helmet)
rElec  +         Dismiss  .     (no cloak)
rCorr  .         Reflect  .     (no gloves)
SustAt .         Harm     .     (no boots)
MR     .....     NoTele   +     (no amulet)
Stlth  ..........               (no ring)
                                (no ring)

@: exhausted, slowed, very slow, not resistant to hostile enchantments,
extremely unstealthy
A: negative energy resistance 1, electricity resistance, unbreathing,
petrification resistance, rot immunity, AC +5
a: Berserk, Trog's Hand, Brothers in Arms, Burn Spellbooks, Renounce Religion


You were in the Dungeon.
You worshipped Trog.
Trog was extremely pleased with you.
You were very hungry.

You visited 1 branch You collected 36 gold pieces.

Inventory:

Hand Weapons
 s - a +0 war axe (weapon)
Armour
 u - a +0 plate armour (worn)
Scrolls
 i - a scroll of blinking
 l - a scroll of holy word {unknown}
 m - 3 scrolls of identify
 n - 3 scrolls of remove curse
 q - a scroll of immolation {unknown}
Potions
 d - 2 potions of curing
 e - a potion of heal wounds
 f - a potion of haste
 g - 2 potions of magic
 h - a potion of berserk rage
 k - 2 potions of mutation {unknown}
 o - 4 potions of cure mutation
 p - 2 potions of flight {unknown}
Books
 j - a book of Power

   Spells                             Type                      Level
   a - Fulminant Prism                Conjuration/Hexes            4
   b - Iskenderun's Mystic Blast      Conjuration                  4
   c - Venom Bolt                     Conjuration/Poison           5
   d - Bolt of Magma                  Conjuration/Fire/Earth       5
   e - Iron Shot                      Conjuration/Earth            6
   f - Orb of Destruction             Conjuration                  7
   g - Spellforged Servitor           Conjuration/Summoning        7
   Trog disapproves of the use of such an item.
 r - a book of Death

   Spells                             Type                      Level
   a - Corpse Rot                     Necromancy                   2
   b - Sublimation of Blood           Necromancy                   2
   c - Agony                          Necromancy                   5
   d - Dispel Undead                  Necromancy                   5
   e - Excruciating Wounds            Charms/Necromancy            5
   f - Bolt of Draining               Conjuration/Necromancy       5
   Trog disapproves of the use of such an item.
Comestibles
 a - 4 chunks of flesh
 c - 2 bread rations
 t - a royal jelly


   Skills:
 - Level 3.2 Fighting
 + Level 18.4 Axes
 - Level 2.1 Armour
 - Level 1.5 Dodging


You had 8 spell levels left.
You didn't know any spells.

Dungeon Overview and Level Annotations

Branches:
Dungeon (1/1)

Altars:
Cheibriados
Dithmenos
Elyvilon
Fedhas
Gozag
Kikubaaqudgha
Makhleb
Nemelex Xobeh
Okawaru
Pakellas
Qazlal
Ru
Sif Muna
Trog
Vehumet
Xom
Yredelemnul
Zin
The Shining One
Jiyva
Lugonu

Shops:
D =


Innate Abilities, Weirdness & Mutations

You are resistant to torment.
Your stone body is resilient (AC +5).
You are immune to poison.
You resist negative energy.
You are resistant to electric shocks.
You can survive without breathing.
You are immune to petrification.
You are immune to rotting.


Message History

Trog accepts your kill.
Trog appreciates your killing of a magic user.
Things that are here:
a dagger; a robe; an orc corpse You butcher the orc corpse.
You enjoyed that.
a - 4 chunks of flesh
Things that are here:
a dagger; a robe You feel a strong urge to attack something.
You are no longer berserk.
You are exhausted.
You feel yourself slow down.
You are feeling very hungry.
You see here a long sword of holy wrath.
The orc knight unwields an uncursed great sword.
The orc knight wields an arbalest.
The orc knight shoots a bolt.
The bolt hits you.
* * * LOW HITPOINT WARNING * * *
The orc knight shoots a bolt.
The bolt hits you!
You die...

▓▓▓▓ ▓▓▓ ▓▓ [..####
##.############ $#
......#####..#___#__[#__###∩##
....)..#..#..#...#)..#._#....
#.##...#..#..###'#'###)##$.o
#.###..##'#..#......))..#o$
##.##..###...'.⌠@.).[)).#$#
..##..####...#...######o#$#
..##..###....#.⌠.#__#...#'#####
.##...##.....#...#__#...#o.≈≈≈+
##....#......#'###__#...#.#§§≈#
##..##.#.....#.))#__#...o.#§§§#
#.. ####....#___#__'...#.#.§§#
▓▓▓ ▓▓▓▓▓▓▓▓▓▓▓▓▓▓▓▓▓▓▓▓▓▓▓


You could see an orc knight.

Vanquished Creatures
  Josephine (D)
  A deep elf mage (D)
  An orc knight (D)
  A shadow (D)
  A spatial vortex (D)
  An orc warrior (D)
  A necrophage (D)
  A water elemental (D)
  A wizard (D)
  A jelly (D)
  2 orc wizards (D)
  Jessica (D)
  A necromancer (D)
  3 humans (D)
  A kobold demonologist (D)
  An ooze (D)
  A phantom (D)
  2 rats (D)
22 creatures vanquished.

Vanquished Creatures (others)
  2 draconian scorchers (D)
  A yaktaur (D)
3 creatures vanquished.

Grand Total: 25 creatures vanquished

Notes
Turn   | Place    | Note
--------------------------------------------------------------
     0 | D        | Moloch the Gargoyle Berserker began the quest for the Orb.
     0 | D        | Reached XP level 1. HP: 14/14 MP: 1/1
     9 | D        | Reached skill level 4 in Axes
    57 | D        | Noticed Jessica
    61 | D        | Killed Jessica
    61 | D        | Reached ** piety under Trog
    61 | D        | Reached skill level 6 in Axes
    61 | D        | Reached XP level 2. HP: 19/19 MP: 2/2
    61 | D        | Reached XP level 3. HP: 23/23 MP: 3/3
    88 | D        | Reached *** piety under Trog
    88 | D        | Reached skill level 7 in Axes
   140 | D        | Noticed a water elemental
   147 | D        | Killed a water elemental
   147 | D        | Reached skill level 8 in Axes
   147 | D        | Reached XP level 4. HP: 22/28 MP: 4/4
   176 | D        | Killed a white draconian scorcher
   206 | D        | Killed a white draconian scorcher
   275 | D        | Found a glowing silver altar of Zin.
   275 | D        | Found a glowing golden altar of the Shining One.
   275 | D        | Found a white marble altar of Elyvilon.
   276 | D        | Noticed a deep elf mage
   284 | D        | Killed a deep elf mage
   284 | D        | Reached skill level 13 in Axes
   284 | D        | Reached XP level 5. HP: 32/32 MP: 5/5
   284 | D        | Reached XP level 6. HP: 37/37 MP: 6/6
   284 | D        | Reached XP level 7. HP: 41/41 MP: 7/7
   304 | D        | Killed a yaktaur
   324 | D        | Found an iron altar of Okawaru.
   324 | D        | Found a bloodstained altar of Trog.
   324 | D        | Noticed a human
   324 | D        | Noticed a human
   334 | D        | Killed a human
   334 | D        | Reached skill level 14 in Axes
   335 | D        | Killed a human
   335 | D        | Reached **** piety under Trog
   474 | D        | Found a radiant altar of Vehumet.
   475 | D        | Found a deep blue altar of Sif Muna.
   475 | D        | Found an ancient bone altar of Kikubaaqudgha.
   477 | D        | Noticed an ice devil
   487 | D        | Reached skill level 15 in Axes
   487 | D        | Reached XP level 8. HP: 46/46 MP: 8/8
   521 | D        | Found a basalt altar of Yredelemnul.
   521 | D        | Found a snail-covered altar of Cheibriados.
   521 | D        | Found a blossoming altar of Fedhas.
   527 | D        | Reached ***** piety under Trog
   576 | D        | Noticed a shadow
   583 | D        | Killed a shadow
   610 | D        | Found an oddly glowing altar of Pakellas.
   610 | D        | Found a stormy altar of Qazlal.
   610 | D        | Found a sacrificial altar of Ru.
   610 | D        | Found a burning altar of Makhleb.
   610 | D        | Found a shimmering altar of Xom.
   611 | D        | Found a viscous altar of Jiyva.
   611 | D        | Found a shadowy altar of Dithmenos.
   611 | D        | Found a sparkling altar of Nemelex Xobeh.
   611 | D        | Found a corrupted altar of Lugonu.
   611 | D        | Found an opulent altar of Gozag.
   623 | D        | Reached skill level 16 in Axes
   769 | D        | Noticed Josephine
   784 | D        | Killed Josephine
   784 | D        | Reached skill level 17 in Axes
   784 | D        | Reached XP level 9. HP: 32/51 MP: 9/9
   942 | D        | Found Everrono's Jewellery Emporium.
  1010 | D        | Noticed an orc knight
  1013 | D        | Noticed an orc knight
  1035 | D        | Killed an orc knight
  1035 | D        | Reached skill level 18 in Axes
  1037 | D        | Received a gift from Trog
  1046 | D        | Shot with a bolt by an orc knight

Vault maps used:
D:        dungeon_sprint_mu

Skill      XL: |  1  2  3  4  5  6  7  8  9 |
---------------+----------------------------+-----
Axes           | 6 8 13 15 17 18 | 18.4
Fighting       | |  3.2
Armour         | |  2.1
Dodging        | |  1.5

Action                   |  1- 3 |  4- 6 |  7- 9 || total
-------------------------+-------+-------+-------++-------
Melee: Hand axe          |    27 |     4 |    58 ||    89
       War axe           |       |       |    15 ||    15
Invok: Berserk           |     2 |     1 |     7 ||    10
  Eat: Chunk             |       |       |     5 ||     5
       Bread ration      |       |       |     1 ||     1
Armor: Animal skin       |     6 |     1 |    15 ||    22
       Plate armour      |       |       |     8 ||     8
Dodge: Dodged            |    13 |     1 |    18 ||    32
